 Dungeon Crawl Stone Soup version 0.26.0-10-g1f06aea511 (webtiles) character file.

Game seed: 16298977428987240784

623 Borgoz the Slasher (level 7, -4/55 HPs)
             Began as a Ghoul Gladiator on Jan 13, 2021.
             Slain by an orc warrior
             ... wielding a +0 hand axe
              (10 damage)
             ... on level 4 of the Dungeon.
             The game lasted 00:05:39 (4056 turns).

Borgoz the Slasher (Ghoul Gladiator)                Turns: 4056, Time: 00:05:40

Health: -4/55      AC:  5    Str: 19    XL:     7   Next: 46%
Magic:  6/6        EV: 13    Int:  3    God:
Gold:   173        SH:  0    Dex: 11    Spells: 6/6 levels left

rFire    . . .     SeeInvis .   a - +2 long sword
rCold    + . .     Faith    .   (no shield)
rNeg     + + +     Spirit   .   b - +0 leather armour
rPois    ∞         Reflect  .   c - +0 helmet
rElec    .         Harm     .   i - +0 cloak
rCorr    .         Rampage  .   (no gloves)
Will     .....                  (no boots)
Stlth    +.........             (no amulet)
HPRegen  0.00/turn              (no ring)
MPRegen  0.10/turn              (no ring)

@: no status effects
A: claws 1, cold resistance 1, negative energy resistance 3, inhibited
regeneration, torment resistance, unbreathing
a: no special abilities


You were on level 4 of the Dungeon.
You visited 1 branch of the dungeon, and saw 4 of its levels.

You collected 173 gold pieces.

Inventory:

Hand Weapons
 a - a +2 long sword (weapon)
Missiles
 d - 3 throwing nets (quivered)
Armour
 b - a +0 leather armour (worn)
 c - a +0 helmet (worn)
 i - a +0 cloak (worn)
Scrolls
 m - a scroll of teleportation
 o - a scroll of random uselessness {unknown}
 q - a scroll of magic mapping {unknown}
Potions
 e - a potion of magic {unknown}
 g - a potion of attraction {unknown}
 h - a potion of berserk rage {unknown}
 j - a potion of heal wounds {unknown}
 k - a potion of lignification {unknown}
 s - a potion of resistance


   Skills:
 - Level 2.1 Fighting
 * Level 5.7 Long Blades
 - Level 1.7 Throwing
 + Level 3.2 Armour
 + Level 4.4 Dodging


You had 6 spell levels left.
You didn't know any spells.
Your spell library was empty.

Dungeon Overview and Level Annotations

Branches:
Dungeon (4/15)
 Temple: D:4-7

Altars:
Trog


Innate Abilities, Weirdness & Mutations

You thrive by killing the living.
You are immune to poison.
You have sharp fingernails.
Your flesh is cold resistant. (rC+)
You are immune to negative energy. (rN+++)
You do not regenerate when monsters are visible.
You are immune to unholy pain and torment.
You can survive without breathing.


Message History

The orc wizard closely misses you.
Things that are here:
a +0 dagger; a +0 robe; an orc corpse You closely miss the orc wizard.
The orc wizard is heavily wounded.
You barely miss the orc warrior.
The orc warrior hits you with a +0 hand axe!
* * * LOW HITPOINT WARNING * * *
You feel very mighty all of a sudden.
The orc wizard gestures wildly while chanting.
The orc wizard blinks!
You closely miss the orc warrior.
The orc warrior hits you with a +0 hand axe.
* * * LOW HITPOINT WARNING * * *
It was a potion of cancellation.
Your magical effects are unravelling.
You feel magically purged.
You feel a little less mighty now.
The orc warrior hits you with a +0 hand axe!
You die...

#.##.#.#.# #.#...#.# #<##..##
#### #.##....# #.##.## #...
#.#####.# #.###.# # #..#
#.#...††. #.####.#. ...
#....?... #.......###.###
###..##.. ####...o.oo...#
#..#... #.##o##o#..#
####..#.#. #..o.##@#
.....##..#.#. ###.B####.#
##.##...... #..?...##o#
#.#####.## #####.#.......#
#.# #.#
....B.##.#.##########.#####.#
.....$.ooo.....<..........>.#
####...oo#.###.###.......####
#...h....##.## ##...##.#
#..........##.# #...##.#


You could see an orc warrior, an orc wizard and 2 orcs.

Vanquished Creatures
  Sigmund (D:2)
  A phantom (D:4)
  A howler monkey (D:4)
  Crazy Yiuf (D:2)
  A hound (D:4)
  An orc wizard (D:4)
  Natasha (thrice) (D:3)
  A worker ant (D:4)
  6 adders
  An ooze (D:3)
  3 worms
  2 dart slugs (D:1)
  3 leopard geckos
  2 orcs (D:3)
  4 giant cockroaches
  10 goblins
  16 hobgoblins
  8 jackals
  2 ball pythons
  4 frilled lizards
  3 kobolds
  8 rats
82 creatures vanquished.

Vanquished Creatures (others)
  2 fungi (D:2)
2 creatures vanquished.

Grand Total: 84 creatures vanquished

Notes
Turn   | Place    | Note
-------+----------+-------------------------------------------
     0 | D:1      | Borgoz the Ghoul Gladiator began the quest for the Orb.
     0 | D:1      | Reached XP level 1. HP: 17/17 MP: 0/0
   210 | D:1      | Reached skill level 3 in Long Blades
   210 | D:1      | Reached XP level 2. HP: 12/24 MP: 1/1
   550 | D:1      | Reached XP level 3. HP: 29/29 MP: 2/2
   649 | D:1      | Reached skill level 1 in Armour
  1026 | D:2      | Reached XP level 4. HP: 36/36 MP: 3/3
  1110 | D:2      | Noticed Natasha
  1400 | D:3      | Killed Natasha
  1595 | D:2      | Noticed Sigmund
  1671 | D:3      | Reached skill level 4 in Long Blades
  1793 | D:3      | Reached XP level 5. HP: 41/41 MP: 4/4
  1943 | D:3      | Noticed Natasha
  1949 | D:3      | Killed Natasha
  2544 | D:2      | Killed Sigmund
  2545 | D:2      | Reached XP level 6. HP: 18/48 MP: 5/5
  2846 | D:2      | Reached skill level 5 in Long Blades
  3159 | D:2      | Found a bloodstained altar of Trog.
  3399 | D:2      | Found a runed translucent door.
  3400 | D:2      | Noticed Crazy Yiuf
  3410 | D:2      | Killed Crazy Yiuf
  3732 | D:3      | Noticed Natasha
  3740 | D:3      | Killed Natasha
  3873 | D:4      | Noticed a phantom
  3880 | D:4      | Reached XP level 7. HP: 52/55 MP: 6/6
  4056 | D:4      | Slain by an orc warrior

Illustrated notes

Levels and vault maps discovered:
D:1:      dpeg_arrival_rooms_c, layout_basic, dk_noncrumbling_4,
          minmay_indecisive_spiral
D:2:      layout_basic, lemuel_round_altar, kennysheep_cluttered_room,
          kennysheep_generic_room_9, uniq_natasha, uniq_crazy_yiuf_cottage,
          uniq_sigmund
D:3:      minmay_wonky_spiral, layout_loops_corners
D:4:      layout_loops_cross, kennysheep_generic_room_6

Skill      XL: |  1  2  3  4  5  6  7 |
---------------+----------------------+-----
Long Blades    | 3 4 5 |  5.7
Dodging        | 3 4 |  4.4
Armour         | 1 2 3 |  3.2
Fighting       | |  2.1
Throwing       | |  1.7

Action                   |  1- 3 |  4- 6 |  7- 9 || total
-------------------------+-------+-------+-------++-------
Melee: Long sword        |   104 |   142 |    28 ||   274
Throw: Throwing net      |       |     1 |       ||     1
  Use: Scroll            |       |     6 |     4 ||    10
       Potion            |       |     1 |     2 ||     3
Armor: Leather armour    |    41 |    31 |     9 ||    81
Dodge: Dodged            |    85 |    90 |    24 ||   199
       Rpst.: Long sword |    26 |    25 |     7 ||    58
